cohdb
Replays
Latest Replays
All Replays
Popular Replays
Top Player Replays
Match Explorer
How It Works
Community
CoH3 Stats
Reddit
Sign in to upload your games and track your stats! →
Sign in with Steam
Match 41387062
Unlisted
Match 41387062
Overview
Messages
Build Orders
End
Construct Barracks
Engineer Squad
Selects Armored Battlegroup
Selects Assault Engineers
1⁄4-ton 4x4 Truck
Riflemen Squad
Riflemen Squad
Grenade Package
Riflemen Squad
Infantry Support Center
Construct Medical Station
Selects Strength in Steel
Construct Tank Depot
M4(105) Sherman Bulldozer
M1918 Browning Automatic Rifles
Selects Seek and Destroy
Selects UNKNOWN (2160077)
M4A3E8 Sherman Easy Eight
Selects Field Repairs
Field Repairs
M4A3E8 Sherman Easy Eight
Assault Engineer Squad
Field Repairs
M4A3E8 Sherman Easy Eight
masterx.
Amblin
Skwalla
la
Chad Kensington
ryuklikesapples
Genius Malignus
Predator
0
0
Comments
sign in to comment!
No comments posted yet!